 Dungeon Crawl Stone Soup version 0.30-a0-219-gf2db51d15e (webtiles) character file.

Game seed: 3643623933983542673

4 Sobieck the Cutter (level 1, -4/12 HPs)
             Began as a Kobold Gladiator on Oct 7, 2022.
             Succumbed to a kobold's poison
             ... on level 1 of the Dungeon.
             The game lasted 00:00:26 (214 turns).

Sobieck the Cutter (Kobold Gladiator)                Turns: 214, Time: 00:00:26

Health: -4/12      AC:  4    Str:  8 (11) XL:     1   Next: 77%
Magic:  1/1        EV: 15    Int:  6 (9)  God:
Gold:   0          SH:  0    Dex: 15 (16) Spells: 0/0 levels left

rFire   . . .      SeeInvis .    a - +0 rapier {short}
rCold   . . .      Faith    .    (no shield)
rNeg    . . .      Spirit   .    b - +0 leather armour
rPois   .          Reflect  .    c - +0 helmet
rElec   .          Harm     .    (no cloak)
rCorr   .          Rampage  .    (no gloves)
Will    .....                    (no boots)
Stlth   ++........               (no amulet)
HPRegen 0.22/turn                (no ring)
MPRegen 0.07/turn                (no ring)

@: lethally poisoned (-4 -> -29)
A: small, no large weapons, nightstalker 3
a: no special abilities


You were on level 1 of the Dungeon.
You visited 1 branch of the dungeon, and saw 1 of its levels.


Innate Abilities, Weirdness & Mutations

You are small and have problems with some larger weapons.
You are completely attuned to the shadows.


   Skills:
 - Level 2.1 Fighting
 + Level 4.5 Short Blades
 - Level 2.1 Throwing
 - Level 3.6 Dodging


You couldn't memorise any spells.
You didn't know any spells.
Your spell library was empty.

Inventory:

Hand Weapons
 a - a +0 rapier (weapon) {short}
Missiles
 d - 3 throwing nets (quivered) {=f!fthrowing}
 e - 2 boomerangs {throwing}
 f - 11 stones {throwing}
Armour
 b - a +0 leather armour (worn)
 c - a +0 helmet (worn)
 g - a +0 leather armour
   (You found it on level 1 of the Dungeon)

Dungeon Overview and Level Annotations

Branches:
Dungeon (1/15) Zot: 5786

Altars:

############......##
..#..........
#..........##
####.###.#.#
#..##.#.# ##.##...#
#...#..# ###....#
##@..# ...JKb>#
......## ......#
...$..#


You could see an endoplasm, a bat and a kobold.


Message History

🤖 Initializing magus.rc ...
Options error: Bad monster_list_colour key: strict_neutral (~/.crawlrc:4812) Bad channel name for runrest: 'pray:' ✅ Successfully initialized magus_sobieck.rc [v0.0.4] Welcome, Sobieck the Kobold Gladiator.
It is said that the Orb of Zot exists deep within this dungeon.
Press ? for a list of commands and other information.
Found a staircase leading out of the dungeon.
Unknown command.
Found an escape hatch in the floor.
Unknown command.
There is an escape hatch in the floor here.
A rat comes into view.
Danger!
You hit the rat. The rat misses you.
You closely miss the rat. The rat barely misses you.
You closely miss the rat. The rat barely misses you.
You barely miss the rat. The rat closely misses you.
You hit the rat.
You kill the rat!
No target in view!
f - 6 stones {throwing}
Found a stone staircase leading down.
Unknown command.
There is a stone staircase leading down here.
A bat comes into view.
Danger!
The helpless bat fails to defend itself.
You puncture the bat!
You kill the bat!
No target in view!
You see here a bat corpse.
A rat comes into view.
Danger!
You hit the rat.
You kill the rat!
No target in view!
A bat comes into view.
Danger!
A ball python comes into view.
The bat closely misses you.
You closely miss the bat.
The ball python hisses angrily.
The bat hits you but does no damage. The bat completely misses you.
You closely miss the bat. The bat hits you. The bat barely misses you.
You puncture the bat!
You kill the bat!
You hit the ball python.
You kill the ball python!
No target in view!
No target in view!
g - a +0 leather armour A quokka comes into view.
Danger!
The helpless quokka fails to defend itself.
You puncture the quokka!
You kill the quokka!
You see here a quokka corpse.
f - 9 stones {throwing} (gained 3)
f - 11 stones {throwing} (gained 2)
h - a sedimented puce potion Unknown command.
Found a stone staircase leading down.
Unknown command.
A kobold comes into view. It is wielding a +2 dagger of venom.
Danger!
The kobold shouts!
An endoplasm comes into view.
You hit the kobold but do no damage. The kobold misses you.
You hit the kobold but do no damage.
A bat comes into view.
The kobold misses you.
The bat moves out of view.
You hit the kobold.
The endoplasm jiggles.
The kobold closely misses you.
You closely miss the kobold.
The endoplasm hits you but does no damage.
The kobold hits you with a +2 dagger of venom.
You are lethally poisoned!
You closely miss the kobold.
You feel very sick. The endoplasm barely misses you.
The kobold hits you but does no damage.
You are more poisoned.
You closely miss the kobold.
* * * LOW HITPOINT WARNING * * *
You feel very sick. The endoplasm hits you.
* * * LOW HITPOINT WARNING * * *
The kobold hits you with a +2 dagger of venom.
* * * LOW HITPOINT WARNING * * *
You are more poisoned.
Unknown command.
It was a potion of degeneration.
There was something very wrong with that liquid.
You feel weakened.
You feel dopey.
You feel clumsy.
Ouch! That really hurt!
You die...

Action                   || total
-------------------------++-------
Melee: Rapier            ||    18
  Use: Potion            ||     1
 Stab: Sleeping          ||     2
Armor: Leather armour    ||     3
Dodge: Dodged            ||    11

Levels and vault maps discovered:
D:1:      lemuel_arrival_hallway, layout_basic

Notes
Turn   | Place    | Note
-------+----------+-------------------------------------------
     0 | D:1      | Sobieck the Kobold Gladiator began the quest for the Orb.
     0 | D:1      | Reached XP level 1. HP: 12/12 MP: 1/1
   213 | D:1      | HP: 3/12 [endoplasm (1)]
   214 | D:1      | Succumbed to a kobold's poison

Vanquished Creatures
  A quokka (D:1)
  A ball python (D:1)
  2 bats (D:1)
  2 rats (D:1)
6 creatures vanquished.

Table legend:
 A = Non-vault XP
 B = Vault XP
 C = Vault XP percentage of total XP
 D = Non-vault monster count
 E = Vault monster count
 F = Vault count percentage of total count
                 A         B        C        D         E       F
            +---------+---------+-------+---------+---------+-------
      Total |       7 |       0 |   0.0 |       6 |       0 |   0.0
            +---------+---------+-------+---------+---------+-------
        D:1 |       7 |       0 |   0.0 |       6 |       0 |   0.0
            +---------+---------+-------+---------+---------+-------

Illustrated notes

Table legend:
 A = Kills in this place as a percentage of kills in entire the game.
 B = Kills by you in this place as a percentage of kills by you in the entire game.
 C = Kills by friends in this place as a percentage of kills by friends in the entire game.
 D = Other kills in this place as a percentage of other kills in the entire game.
 E = Experience gained in this place as a percentage of experience gained in the entire game.
 F = Experience gained in this place divided by the number of levels of this place that you have seen.
                   A       B       C       D       E      F
               +-------+-------+-------+-------+-------+----------------------
         Total | 100.0 | 100.0 |   N/A |   N/A | 100.0 |   7.0
       Dungeon | 100.0 | 100.0 |   N/A |   N/A | 100.0 |   7.0
               +-------+-------+-------+-------+-------+----------------------

Table legend: (Time is in decaauts)
 A = Elapsed time spent in this place.
 B = Non-inter-level travel time spent in this place.
 C = Inter-level travel time spent in this place.
 D = Time resting spent in this place.
 E = Time spent auto-exploring this place.
 F = Levels seen in this place.
 G = Mean time per level.
                   A        B        C        D        E       F      G
               +--------+--------+--------+--------+--------+-----+--------+
         Total |    213 |    213 |      0 |      0 |    173 |   1 |  213.0 |
       Dungeon |    213 |    213 |      0 |      0 |    173 |   1 |  213.0 |
               +--------+--------+--------+--------+--------+-----+--------+

Top non-repeatable levels by time:
     D:1: 213 daAuts
